 Dungeon Crawl Stone Soup version 0.25-a0-1136-gc1285e62ab (webtiles) character file.

Game seed: 7684088658808802909, levelgen mode: deterministic

4415 sunblast the Cleaver (level 10, 0/86 HPs)
             Began as a Minotaur Fighter on May 19, 2020.
             Was an Elder of the Shining One.
             Slain by a white ugly thing (10 damage)
             ... on level 8 of the Dungeon on May 23, 2020.
             The game lasted 00:45:43 (7563 turns).

sunblast the Cleaver (Minotaur Fighter)             Turns: 7563, Time: 00:45:44

Health: 0/86       AC:  8    Str: 24    XL:     10   Next: 14%
Magic:  9/9        EV: 10    Int:  5    God:    the Shining One [****..]
Gold:   414        SH: 11    Dex: 10    Spells: 9/9 levels left

rFire    . . .     SeeInvis .   a - +0 war axe
rCold    . . .     Gourm    .   c - +0 kite shield
rNeg     + + .     Faith    .   b - +0 scale mail
rPois    .         Spirit   .   (helmet restricted)
rElec    .         Reflect  .   (no cloak)
rCorr    .         Harm     .   (no gloves)
MR       .....                  (no boots)
Stlth    ..........             m - amulet of regeneration
HPRegen  0.64/turn              (no ring)
MPRegen  0.11/turn              (no ring)

@: lethally poisoned (0 -> -1), glowing
A: retaliatory headbutt, horns 2
a: Divine Shield, Cleansing Flame, Renounce Religion


You were on level 8 of the Dungeon.
You worshipped the Shining One.
The Shining One was greatly pleased with you.
You were not hungry.

You visited 1 branch of the dungeon, and saw 8 of its levels.
You also visited: Ossuary.

You collected 414 gold pieces.

Inventory:

Hand Weapons
 a - a +0 war axe (weapon)
 M - a +0 broad axe
Armour
 b - a +0 scale mail (worn)
 c - a +0 kite shield (worn)
Jewellery
 g - an uncursed ring of see invisible {unknown}
 m - an amulet of regeneration (around neck)
 t - an uncursed amulet of regeneration
 x - an uncursed ring of protection from magic {unknown}
 y - an uncursed ring of resist corrosion {unknown}
 D - an uncursed ring of positive energy {unknown}
 K - an uncursed ring of protection from magic {unknown}
Wands
 I - a wand of iceblast (11)
 L - a wand of polymorph (5)
Scrolls
 e - 3 scrolls of teleportation {unknown}
 j - 5 scrolls of amnesia {unknown}
 k - 3 scrolls of immolation {unknown}
 l - 3 scrolls of magic mapping {unknown}
 n - 14 scrolls of remove curse
 o - 5 scrolls of random uselessness {unknown}
 p - a scroll of enchant armour {unknown}
 s - a scroll of noise {unknown}
 v - 2 scrolls of holy word {unknown}
 w - 3 scrolls of fog {unknown}
 B - a scroll of enchant weapon {unknown}
 C - 3 scrolls of identify
 F - a scroll of vulnerability {unknown}
 H - a scroll of fear {unknown}
Potions
 d - 4 potions of might
 h - 4 potions of haste
 i - 2 potions of degeneration
 q - 2 potions of lignification
 r - 5 potions of curing
 u - a potion of resistance
 z - 3 potions of brilliance
 A - a potion of stabbing {unknown}
 E - a potion of berserk rage {unknown}
 G - 2 potions of flight {unknown}
Comestibles
 f - 14 rations
 J - 2 chunks of flesh


   Skills:
 + Level 7.3 Fighting
 * Level 13.0 Axes
 + Level 7.5 Armour
 + Level 3.4 Dodging
 + Level 7.1 Shields
 + Level 0.1 Unarmed Combat


You had 9 spell levels left.
You didn't know any spells.
Your spell library was empty.

Dungeon Overview and Level Annotations

Branches:
Dungeon (8/15)             Temple (0/1) D:4         Ossuary (visited)
   Lair: D:8-11

Altars:
Ashenzari
Fedhas
Kikubaaqudgha
Okawaru
Sif Muna
Uskayaw
Yredelemnul
The Shining One

Shops:
D:6 *


Innate Abilities, Weirdness & Mutations

You reflexively headbutt those who attack you in melee.
You have a pair of horns on your head.


Message History

The killer bee is almost dead.
You feel sick. You block the killer bee's attack. The killer bee stings you.
You are more poisoned.
The killer bee poisons you!
You slash the killer bee!
You kill the killer bee!
You feel sick.
You feel sick. The white ugly thing engulfs you.
The white ugly thing freezes you!!
You see here a killer bee corpse.
You slash the white ugly thing!
You headbutt the white ugly thing, but do no damage.
The white ugly thing is lightly wounded.
You feel sick. The white ugly thing engulfs you!
The white ugly thing freezes you!!
* * * LOW HITPOINT WARNING * * *
You feel sick.
You feel sick.
You feel sick. The white ugly thing engulfs you!
You die...

#..# #..#
#..# ...#
#... # #..#
#...)# #..#
#..#. #†.#
#...
###.####u.#
####..#
.......@..#
...#..#
.######...#
#..#..# #..##
#...).# #†##
#.###.# #.#
..# #.# # #.#
#.# #.# .#
#.## #.#
#.###.###
#..#
#.###.......#
##.#


You could see a white ugly thing.

Vanquished Creatures
  Joseph (D:8)
  Maurice (D:8)
  Eustachio (D:4)
  Menkaure (D:6)
  A sky beast (D:7)
  A black bear (D:7)
  An ice beast (D:7)
  3 ogres
  4 phantoms
  A centaur (D:5)
  3 bullfrogs
  5 scorpions
  12 killer bees
  5 howler monkeys
  A jelly (D:6)
  2 crimson imps
  3 centaur zombies
  A bullfrog zombie (D:5)
  An orc priest (D:8)
  7 hounds
  9 orc wizards
  2 iguanas
  7 worker ants
  A killer bee zombie (D:6)
  3 ogre zombies (Ossuary)
  A hound zombie (D:8)
  A hound skeleton (D:4)
  Robin (D:2)
  7 mummies (Ossuary)
  8 adders
  A shadow imp (D:7)
  7 adder zombies
  An ooze (D:3)
  An adder skeleton (D:7)
  5 worms
  2 dart slugs (D:1)
  13 leopard geckos
  19 orcs
  3 ball pythons
  5 giant cockroaches
  2 gnoll zombies (D:2)
  12 goblins
  11 hobgoblins
  8 jackals
  12 kobolds
  3 quokkas
  9 bats
  7 frilled lizards
  4 goblin zombies (Ossuary)
  3 hobgoblin zombies (Ossuary)
  2 kobold zombies (Ossuary)
  A leopard gecko zombie (D:8)
  2 orc zombies (Ossuary)
  4 quokka zombies (Ossuary)
  10 rats
  4 rat zombies (Ossuary)
246 creatures vanquished.

Notes
Turn   | Place    | Note
-------+----------+-------------------------------------------
     0 | D:1      | sunblast the Minotaur Fighter began the quest for the Orb.
     0 | D:1      | Reached XP level 1. HP: 19/19 MP: 0/0
   127 | D:1      | Reached XP level 2. HP: 21/27 MP: 1/1
   624 | D:1      | Reached skill level 3 in Axes
   624 | D:1      | Reached XP level 3. HP: 32/33 MP: 2/2
  1137 | D:2      | Reached XP level 4. HP: 35/41 MP: 3/3
  1294 | D:2      | Found a basalt altar of Yredelemnul.
  1520 | D:2      | Noticed Robin
  1531 | D:2      | Killed Robin
  1729 | D:2      | Found a blossoming altar of Fedhas.
  1872 | D:3      | Reached skill level 4 in Axes
  2065 | D:3      | Found a glowing golden altar of the Shining One.
  2076 | D:3      | Became a worshipper of the Shining One
  2120 | D:3      | Reached XP level 5. HP: 42/47 MP: 4/4
  2332 | D:4      | Noticed a phantom
  2361 | D:4      | Killed a phantom
  2361 | D:4      | Reached skill level 5 in Axes
  2361 | D:4      | Reached skill level 1 in Dodging
  2361 | D:4      | Reached XP level 6. HP: 33/55 MP: 5/5
  2607 | D:4      | Noticed Eustachio
  2635 | D:5      | Entered Level 5 of the Dungeon
  2752 | D:4      | Killed Eustachio
  2752 | D:4      | Reached skill level 5 in Fighting
  2752 | D:4      | Reached skill level 6 in Axes
  2752 | D:4      | Reached skill level 5 in Shields
  2956 | D:4      | Reached XP level 7. HP: 61/61 MP: 6/6
  2975 | D:4      | Found a staircase to the Ecumenical Temple.
  3010 | D:4      | Reached skill level 5 in Armour
  3047 | D:4      | Reached skill level 7 in Axes
  3441 | D:5      | Reached * piety under the Shining One
  3457 | D:5      | Reached skill level 8 in Axes
  3714 | D:5      | Reached XP level 8. HP: 68/68 MP: 7/7
  3732 | D:5      | Found an ancient bone altar of Kikubaaqudgha.
  3753 | D:5      | Found an iron altar of Okawaru.
  4346 | D:6      | Reached skill level 9 in Axes
  4482 | D:6      | Upgraded the game from 0.25-a0-1126-g5fd7b56c60 to
                  | 0.25-a0-1132-g9d38388ac0
  4498 | D:6      | Found Zuyx's Assorted Antiques.
  4518 | D:6      | Found a hide-covered altar of Uskayaw.
  4518 | D:6      | Found a blossoming altar of Fedhas.
  4841 | D:6      | Found a basalt altar of Yredelemnul.
  4891 | D:6      | Reached skill level 10 in Axes
  5145 | D:6      | Noticed Menkaure
  5150 | D:6      | Killed Menkaure
  5453 | D:7      | Reached XP level 9. HP: 75/75 MP: 8/8
  5627 | D:7      | Reached skill level 11 in Axes
  5799 | D:7      | Found a sand-covered staircase.
  5807 | Ossuary  | Entered an ossuary
  5813 | Ossuary  | Reached ** piety under the Shining One
  5967 | Ossuary  | Reached *** piety under the Shining One
  6092 | Ossuary  | Reached **** piety under the Shining One
  6560 | D:7      | Reached skill level 12 in Axes
  6893 | D:8      | Noticed Maurice
  6992 | D:8      | Killed Maurice
  7026 | D:8      | Found a shattered altar of Ashenzari.
  7113 | D:8      | Found a shimmering blue altar of Sif Muna.
  7309 | D:8      | Noticed Joseph
  7320 | D:8      | Killed Joseph
  7320 | D:8      | Reached XP level 10. HP: 83/86 MP: 9/9
  7325 | D:8      | Upgraded the game from 0.25-a0-1132-g9d38388ac0 to
                  | 0.25-a0-1136-gc1285e62ab
  7546 | D:8      | Reached skill level 13 in Axes
  7556 | D:8      | Noticed a white ugly thing
  7563 | D:8      | Slain by a white ugly thing

Illustrated notes

Levels and vault maps discovered:
D:1:      wheals_arrival_shading, layout_basic, chequers_hall_statues_wall_a,
          minmay_misc_feat_alley
D:2:      layout_loops_ring, lemuel_zombie_altar_yredelemnul, serial_glass,
          glass_columns_a, glass_columns_b, fedhas_altar_4, uniq_robin
D:3:      layout_rooms, tso_altar, first_ration, serial_bayou_pond_e
D:4:      layout_gridville, minmay_temple_entry_tees, uniq_eustachio
D:5:      layout_cave_pools, kiku_gazebo_pond_becter, okawaru_ov_weapons_minmay
D:6:      layout_loops_corners, gammafunk_temple_overflow_wave, serial_shops,
          kennysheep_mini_moat, basic_altar, minmay_lizard_king, uniq_menkaure
D:7:      layout_basic, lightli_ossuary_entry_decrepit_ruins
D:8:      layout_loops_ring, old_standard_altar, bloody_trog,
          lemuel_doored_altar, kennysheep_little_box, kennysheep_small_circle,
          uniq_maurice, uniq_joseph

Skill      XL: |  1  2  3  4  5  6  7  8  9 10 |
---------------+-------------------------------+-----
Fighting       | 4 5 6 7 |  7.3
Shields        | 4 5 6 7 |  7.1
Armour         | 4 5 6 7 |  7.5
Axes           | 3 4 5 6 8 10 12 13 | 13.0
Dodging        | 1 2 3 |  3.4
Unarmed Combat | |  0.1

Action                   |  1- 3 |  4- 6 |  7- 9 | 10-12 || total
-------------------------+-------+-------+-------+-------++-------
Melee: War axe           |    97 |   138 |   350 |    28 ||   613
       Headbutt          |     7 |    34 |    56 |     3 ||   100
       Unarmed           |       |       |     2 |       ||     2
  Use: Scroll            |       |       |     6 |       ||     6
  Eat: Chunk             |     1 |     4 |     6 |     1 ||    12
       Ration            |       |     1 |     2 |       ||     3
Armor: Scale mail        |    44 |    76 |    73 |     4 ||   197
Dodge: Dodged            |    31 |    60 |    88 |     5 ||   184
Block: Kite shield       |    52 |    90 |   149 |    15 ||   306

Table legend:
 A = Non-vault XP
 B = Vault XP
 C = Vault XP percentage of total XP
 D = Non-vault monster count
 E = Vault monster count
 F = Vault count percentage of total count
                 A         B        C        D         E       F
            +---------+---------+-------+---------+---------+-------
      Total |    4591 |    1717 |  27.2 |     184 |      62 |  25.2
            +---------+---------+-------+---------+---------+-------
        D:1 |      50 |       0 |   0.0 |      30 |       0 |   0.0
        D:2 |      70 |      31 |  30.7 |      29 |       9 |  23.7
        D:3 |      55 |       0 |   0.0 |      19 |       0 |   0.0
        D:4 |     742 |     197 |  21.0 |      18 |       1 |   5.3
        D:5 |     503 |       0 |   0.0 |      10 |       0 |   0.0
        D:6 |     849 |     230 |  21.3 |      31 |      11 |  26.2
        D:7 |    1555 |       0 |   0.0 |      28 |       0 |   0.0
        D:8 |     767 |     908 |  54.2 |      19 |       4 |  17.4
    Ossuary |       0 |     351 | 100.0 |       0 |      37 | 100.0
            +---------+---------+-------+---------+---------+-------
